 Dungeon Crawl Stone Soup version 0.25-a0-566-g062765be81 (webtiles) character file.

Game seed: 12008268953597602277, levelgen mode: deterministic

253767 toffzen the Black Belt (level 19, -15/224 HPs)
             Began as a Troll Fighter on Feb 25, 2020.
             Was the Champion of Jiyva.
             Killed from afar by a crystal guardian (45 damage)
             ... with a crystal bolt
             ... on level 4 of the Vaults on Feb 28, 2020.
             The game lasted 02:25:43 (45118 turns).

toffzen the Black Belt (Troll Fighter)             Turns: 45118, Time: 02:25:43

Health: -15/224    AC:  7    Str: 16    XL:     19   Next: 0%
Magic:  16/18      EV: 20    Int:  8    God:    Jiyva [******]
Gold:   1572       SH: 18    Dex: 27    Spells: 18/18 levels left

rFire    . . .     SeeInvis .     - Unarmed
rCold    . . .     Gourm    +   g - +0 tower shield
rNeg     + . .     Faith    .   s - +0 acid dragon scales
rPois    +         Spirit   .   e - +1 hat {MR+}
rElec    +         Reflect  .   t - +0 cloak
rCorr    +         Harm     .   (gloves unavailable)
MR       +++..                  (boots unavailable)
Stlth    +.........             N - amulet of Otyghe Fumo {RegenMP rN+}
HPRegen  0.87/turn              R - ring of protection from magic
MPRegen  0.41/turn              w - ring "Oqiggeuj" {+Fly rElec rPois Str+3 Stlth-}

@: slimy, corroded
A: large, unfitting armour, claws 3, repulsion field 1, fast metabolism 3,
gourmand, sense surroundings 1, regeneration 1, robust 1, shaggy fur 1, tough
skin 3, tendrils, jelly absorbing missiles
}: 2/15 runes: slimy, gossamer
a: Request Jelly, Slimify, Cure Bad Mutation, Renounce Religion, Evoke Flight


You were on level 4 of the Vaults.
You worshipped Jiyva.
Jiyva was exalted by your worship.
You were very full.

You visited 9 branches of the dungeon, and saw 43 of its levels.

You collected 1611 gold pieces.
You spent 39 gold pieces at shops.

Inventory:

Hand Weapons
 b - the +4 fustibalus of Pride {venom, MR+ Dex+3}
   (You found it on level 5 of the Pits of Slime)

   It poisons the ammo it fires.
   It affects your dexterity (+3).
   It affects your resistance to hostile enchantments.
 c - a +2 war axe of flaming
 P - a +2 hunting sling of freezing
 Z - the +7 falchion "Killer Bee's Bane" {vorpal, *Slow rF+ MP+9}
   (You found it on level 11 of the Dungeon)

   It inflicts extra damage upon your enemies.
   It protects you from fire.
   It affects your magic capacity (+9).
   It may slow you when you take damage.
Missiles
 k - 209 stones (quivered)
 q - 3 throwing nets
 I - 40 large rocks
 J - 4 silver javelins
 O - 135 sling bullets
Armour
 e - a +1 hat of magic resistance (worn)
 g - a +0 tower shield (worn)
 s - +0 acid dragon scales (worn)
 t - a +0 cloak (worn)
 z - +0 fire dragon scales
Jewellery
 f - an uncursed ring of ice
 w - the ring "Oqiggeuj" (right claw) {+Fly rElec rPois Str+3 Stlth-}
   (You found it on level 5 of the Pits of Slime)

   [ring of attention]

   It affects your strength (+3).
   It insulates you from electricity.
   It protects you from poison.
   It lets you fly.
   It makes you less stealthy.
 F - a +3 ring of slaying
 N - the amulet of Otyghe Fumo (around neck) {RegenMP rN+}
   (You found it on level 6 of the Lair of Beasts)

   [amulet of magic regeneration]

   It increases your magic regeneration.
   It protects you from negative energy.
 R - a ring of protection from magic (left claw)
 S - an uncursed amulet of magic regeneration
Wands
 i - a wand of disintegration (9)
 A - a wand of enslavement (22)
 H - a wand of iceblast (7)
 L - a wand of paralysis (9)
 M - a wand of flame (4)
 W - a wand of acid (2)
Scrolls
 j - 8 scrolls of remove curse
 m - 6 scrolls of fear
 n - a scroll of silence
 o - 2 scrolls of teleportation
 p - 4 scrolls of immolation
 r - 6 scrolls of magic mapping
 v - 4 scrolls of identify
 y - 5 scrolls of enchant weapon
 B - a scroll of fog
 C - a scroll of summoning
 K - 5 scrolls of enchant armour
Potions
 a - 2 potions of magic
 h - 4 potions of heal wounds
 l - 2 potions of ambrosia
 u - 5 potions of haste
 D - 3 potions of mutation
 E - 2 potions of lignification
 G - 3 potions of might
 Q - a potion of berserk rage
 T - 3 potions of brilliance
 U - a potion of invisibility
 V - 3 potions of cancellation
 Y - 2 potions of curing
Miscellaneous
 X - 2 phantom mirrors
Comestibles
 d - 55 rations


   Skills:
 + Level 15.9 Fighting
 - Level 11.0 Armour
 - Level 11.0 Dodging
 - Level 11.0 Shields
 + Level 19.3 Unarmed Combat


You had 18 spell levels left.
You didn't know any spells.
Your spell library contained the following spells:

 Spells                   Type           Power        Failure   Level  Hunger
 Beastly Appendage        Tmut           #.....       78%         1    ##.....
 Foxfire                  Conj/Fire      #...         78%         1    ##.....
 Freeze                   Ice            #...         78%         1    ##.....
 Infusion                 Chrm           #...         78%         1    ##.....
 Magic Dart               Conj           #...         78%         1    ##.....
 Summon Small Mammal      Summ           #...         78%         1    ##.....
 Call Imp                 Summ           #.......     89%         2    ###....
 Passwall                 Tmut/Erth      #.......     89%         2    ###....
 Searing Ray              Conj           #.....       89%         2    ###....
 Shroud of Golubria       Chrm/Tloc      #.....       89%         2    ###....
 Song of Slaying          Chrm           #.......     89%         2    ###....
 Sticks to Snakes         Tmut           #.......     89%         2    ###....
 Swiftness                Chrm/Air       #.......     89%         2    ###....
 Call Canine Familiar     Summ           #.......     98%         3    ####...
 Dazzling Flash           Conj/Hex       #.....       98%         3    ####...
 Frozen Ramparts          Ice            #.....       98%         3    ####...
 Ignite Poison            Fire/Tmut/Pois #.......     98%         3    ####...
 Inner Flame              Hex/Fire       #.......     98%         3    ####...
 Ozocubu's Armour         Chrm/Ice       #.......     98%         3    ####...
 Spectral Weapon          Hex/Chrm       #.......     98%         3    ####...
 Spider Form              Tmut/Pois      #.........   98%         3    ####...
 Static Discharge         Conj/Air       #.......     98%         3    ####...
 Summon Guardian Golem    Hex/Summ       #.......     98%         3    ####...
 Cause Fear               Hex            #.........   100%        4    #####..
 Fulminant Prism          Conj/Hex       #.........   100%        4    #####..
 Hailstorm                Conj/Ice       #.......     100%        4    #####..
 Ice Form                 Ice/Tmut       #.......     100%        4    #####..
 Iskenderun's Mystic Bla  Conj/Tloc      #.......     100%        4    #####..
 Passage of Golubria      Tloc           N/A          100%        4    #####..
 Petrify                  Tmut/Erth      #.......     100%        4    #####..
 Summon Ice Beast         Ice/Summ       #.......     100%        4    #####..
 Summon Lightning Spire   Summ/Air       #.......     100%        4    #####..
 Blade Hands              Tmut           #.........   100%        5    ######.
 Fireball                 Conj/Fire      #.........   100%        5    ######.
 Lee's Rapid Deconstruct  Erth           #.........   100%        5    ######.
 Lightning Bolt           Conj/Air       #.........   100%        5    ######.
 Summon Mana Viper        Hex/Summ       #.......     100%        5    ######.
 Darkness                 Hex            #.........   100%        6    #######
 Invisibility             Hex            #.......     100%        6    #######
 Starburst                Conj/Fire      #.........   100%        6    #######
 Dragon Form              Tmut           #.........   100%        7    #######
 Ring of Flames           Chrm/Fire      #.........   100%        7    #######
 Discord                  Hex            #.........   100%        8    #######
 Ignition                 Fire           #.........   100%        8    #######
 Dragon's Call            Summ           #.........   100%        9    #######
 Shatter                  Erth           #.........   100%        9    #######
 Tornado                  Air            #.........   100%        9    #######


Dungeon Overview and Level Annotations

Branches:
Dungeon (15/15)            Temple (1/1) D:4            Lair (6/6) D:11
  Swamp (4/4) Lair:3       Spider (4/4) Lair:4        Slime (5/5) Lair:5
    Orc (2/2) D:11            Elf (2/3) Orc:2        Vaults (4/5) D:13
  Crypt (0/3) Vaults:3     Depths (0/5) D:15

Altars:
Ashenzari
Cheibriados
Dithmenos
Elyvilon
Fedhas
Gozag
Hepliaklqana
Kikubaaqudgha
Makhleb
Nemelex Xobeh
Okawaru
Qazlal
Ru
Sif Muna
Trog
Uskayaw
Vehumet
Wu Jian
Xom
Yredelemnul
Zin
The Shining One
Beogh
Jiyva

Shops:
D:8 }   D:11 (   Orc:2 %:?(   Elf:2 (

Portals:
Pandemonium: Orc:2

Annotations:
D:3 2 transporters, Flugslaktarn's ghost, amateur DDFi
D:4 2 transporters
D:6 exclusion: downstairs
D:13 1 runed translucent door, Qaeqe's ghost, journeyman TrMo
Lair:3 exclusion: oklob plant
Swamp:1 1 runed translucent door, Coluror's ghost, journeyman MiBe
Swamp:4 Lernaean hydra
Spider:2 1 runed translucent door, EnegeticOcto's ghost, journeyman DDFi
Slime:5 Royal Jelly
Vaults:3 1 runed translucent door, Onaigh's ghost, adept NaAE


Innate Abilities, Weirdness & Mutations

You are too large for most types of armour.
You have claws for hands.
Your metabolism is lightning-fast.
You like to eat raw meat.
Your natural rate of healing is unusually fast.
You are covered in fur. (AC +1)
You have extremely tough skin. (AC +3)
You are surrounded by a mild repulsion field. (EV +2)
You passively map a small area around you.
You are robust. (+10% HP)
You are covered in slimy tendrils that may disarm your opponents.
You have a small jelly attached to you that may absorb incoming projectiles.


Message History

The slime creature hits the crystal guardian but does no damage.
You completely miss the crystal guardian.
The crystal guardian is heavily damaged.
The crystal guardian misses you.
You scratch the crystal guardian but do no damage.
The crystal guardian is heavily damaged.
The slime creature hits the crystal guardian but does no damage.
You scratch the crystal guardian but do no damage.
The crystal guardian is heavily damaged.
The crystal guardian fires a crystalline bolt at you.
The crystal bolt freezes you!!
* * * LOW HITPOINT WARNING * * *
The crystal bolt freezes you!!
* * * LOW HITPOINT WARNING * * *
The slime creature hits the crystal guardian but does no damage.
You claw the crystal guardian!
The crystal guardian is severely damaged.
The crystal guardian fires a crystalline bolt at you.
The crystal bolt burns you!!!
You die...

########## * #.........,
################.........
#..............#.........
#.............@#.........
*
#..####..####.8#.........
# #..#..#..#..J.8G......
#. #..#..'..#..##########
#..##'#..####..#
#.....J........#
#..............# **
#..##'#..##'#..# , , #.
#..#..#..#..#


You could see a crystal guardian and a neutral slime creature (fellow slime).

Vanquished Creatures
  Rupert (Lair:5)
  Gastronok (Lair:1)
  Kirke (Swamp:4)
  A thorn hunter (Swamp:3)
  A revenant (Vaults:3)
  An orc warlord (Orc:1)
  A frost giant (Vaults:1)
  3 vault wardens (Vaults:1)
  A deep elf sorcerer (Elf:1)
  3 emperor scorpions
  6 ghost moths
  4 stone giants
  6 ironheart preservers
  2 very ugly things
  An entropy weaver (Spider:4)
  A deep elf annihilator (Elf:2)
  Azrael (Elf:1)
  2 spark wasps (Spider:4)
  A fire dragon (Vaults:2)
  4 ice dragons
  A deep elf high priest (Elf:1)
  4 yaktaur captains
  5 hydras
  5 vault guards
  7 centaur warriors
  A catoblepas (D:15)
  A shambling mangrove (Swamp:2)
  A death knight (Vaults:1)
  14 two-headed ogres
  20 dancing weapons
  5 ogre magi
  3 alligators
  2 tengu warriors
  5 orc high priests
  Nergalle (D:10)
  13 deep elf knights
  A hell knight (Vaults:3)
  7 skeletal warriors
  3 unseen horrors
  A wizard (Vaults:2)
  A golden dragon zombie (D:15)
  2 flayed ghosts
  4 swamp dragons
  A deep troll (Vaults:4)
  4 deep elf archers
  2 gelid demonspawn (Orc:2)
  A spriggan druid (Swamp:3)
  22 deep elf magi
  A harpy (shapeshifter) (Vaults:4)
  10 ironbrand convokers
  A necromancer (D:14)
  A wolf spider zombie (D:15)
  16 orc knights
  34 ugly things
  A phantasmal warrior (D:15)
  32 wolf spiders
  13 orb spiders
  5 manticores
  9 orc sorcerers
  8 cyclopes
  3 moths of wrath
  3 black mambas
  6 centaur zombies
  9 vault sentinels
  18 spiny frogs
  4 gargoyles
  A black mamba (shapeshifter) (Vaults:4)
  A torpor snail (Spider:1)
  A spiny frog (shapeshifter) (Vaults:1)
  3 rime drakes
  Maggie (D:7)
  4 komodo dragons
  20 yaktaurs
  A centaur skeleton (D:15)
  6 demonic crawlers
  A hellwing (Orc:2)
  14 trolls
  A tengu conjurer (D:13)
  22 jumping spiders
  A queen bee (Orc:1)
  An ice devil (Orc:2)
  A queen bee (shapeshifter) (Vaults:2)
  15 hornets
  20 blink frogs
  3 bog bodies
  2 polar bears
  6 tyrant leeches
  A dream sheep (Lair:6)
  A deep troll zombie (D:15)
  An ice dragon zombie (D:15)
  An air elemental (Elf:1)
  71 redbacks
  4 hippogriffs
  3 shadows
  2 ynoxinuls (Orc:2)
  A fire dragon skeleton (D:15)
  20 yaks
  4 spriggans (Swamp:3)
  A vampire (D:14)
  8 basilisks
  Grum (D:8)
  22 tarantellas
  3 wyverns
  3 wraiths
  3 fire elementals (Elf:1)
  3 hogs
  A hungry ghost (D:14)
  A neqoxec (Orc:2)
  30 vampire mosquitoes
  6 wargs
  8 swamp worms
  12 insubstantial wisps
  7 water moccasins
  6 porcupines
  5 hell hounds (Elf:1)
  A soldier ant (D:10)
  2 swamp drakes
  2 black bears (D:11)
  45 orc warriors
  2 sky beasts
  2 phantoms
  6 ice beasts
  5 necrophages (Lair:3)
  19 ogres
  11 wolves
  15 centaurs
  12 crocodiles
  2 big kobolds
  24 bullfrogs
  A gnoll sergeant (D:10)
  An earth elemental (Elf:2)
  8 scorpions
  13 wights
  33 killer bees
  9 electric eels
  A howler monkey (D:9)
  2 crimson imps
  A bullfrog zombie (D:5)
  2 jellies
  3 gnoll shamans (D:10)
  28 orc priests
  10 hounds
  An iguana (D:7)
  10 orc wizards
  14 worker ants
  A bullfrog simulacrum (D:13)
  A hound zombie (D:9)
  A hound skeleton (D:4)
  2 worker ant zombies
  12 gnolls (D:10)
  7 adders
  3 shadow imps
  An adder zombie (D:10)
  An ooze (D:4)
  An adder skeleton (D:7)
  2 worms
  8 leopard geckos
  85 orcs
  A ball python (D:3)
  8 bats
  8 giant cockroaches
  11 goblins
  8 hobgoblins
  13 jackals
  3 quokkas (D:2)
  A frilled lizard (D:4)
  33 kobolds
  2 quokka skeletons
  9 rats
  2 fungi
  6 plants
1222 creatures vanquished.

Vanquished Creatures (collateral kills)
  An orb spider (Spider:3)
  A demonic crawler (Spider:3)
  A rime drake (Lair:6)
  A hornet (Spider:3)
  A tarantella (Spider:3)
5 creatures vanquished.

Vanquished Creatures (others)
  3 acid blobs
  An azure jelly (Elf:2)
  Roxanne (Elf:2)
  A vault warden (Vaults:3)
  A stone giant (Vaults:2)
  A death ooze (Vaults:3)
  3 ogre magi (Vaults:2)
  A yaktaur captain (Vaults:3)
  A vault guard (Vaults:3)
  A shambling mangrove (Swamp:4)
  2 hydras
  2 alligators
  A death knight (Vaults:2)
  4 dancing weapons (Elf:2)
  A centaur warrior (D:13)
  4 two-headed ogres
  2 deep elf knights (Elf:2)
  A glowing orange brain (Vaults:1)
  An unseen horror (Vaults:1)
  A phantasmal warrior (Vaults:2)
  An orc knight (D:15)
  9 deep elf magi
  An ironbrand convoker (Vaults:2)
  A wolf spider (Spider:4)
  An orc sorcerer (Vaults:2)
  5 ugly things (Vaults:1)
  A manticore (shapeshifter) (Vaults:1)
  2 vault sentinels
  8 spiny frogs
  2 centaur skeletons
  5 yaktaurs
  A tengu conjurer (Swamp:4)
  4 tyrant leeches
  A harpy skeleton (D:15)
  2 hornets (Swamp:4)
  2 blink frogs (Lair:6)
  3 bog bodies
  28 slime creatures
  4 dream sheep (Lair:6)
  A meliai zombie (D:15)
  A shadow (D:13)
  A tarantella (Spider:4)
  4 redbacks (Spider:4)
  A water elemental (D:13)
  A yak (Lair:5)
  2 hogs (Swamp:4)
  A wraith (D:15)
  2 humans (Swamp:4)
  2 vampire mosquitoes (Swamp:2)
  An insubstantial wisp (Swamp:2)
  A warg (Orc:2)
  2 swamp worms (Swamp:3)
  2 water moccasins (Lair:6)
  3 orc warriors
  A porcupine (Lair:5)
  5 swamp drakes
  A sky beast (D:12)
  A phantom (D:13)
  3 ogres
  3 centaurs (D:13)
  2 crocodiles (Lair:6)
  2 bullfrogs
  218 jellies
  6 orc priests
  2 orc wizards
  An adder (D:12)
  An ooze (shapeshifter) (Vaults:4)
  21 orcs
  2 briar patches (Swamp:3)
  A bush (D:11)
  36 fungi
  48 plants
493 creatures vanquished.

Grand Total: 1720 creatures vanquished

Notes
Turn   | Place    | Note
-------+----------+-------------------------------------------
     0 | D:1      | toffzen the Troll Fighter began the quest for the Orb.
     0 | D:1      | Reached XP level 1. HP: 22/22 MP: 0/0
   366 | D:1      | Reached XP level 2. HP: 29/29 MP: 1/1
   936 | D:1      | Reached skill level 3 in Unarmed Combat
   946 | D:2      | Reached XP level 3. HP: 31/36 MP: 2/2
  1388 | D:2      | Reached XP level 4. HP: 45/45 MP: 3/3
  1635 | D:3      | Found a faded altar of an unknown god.
  1795 | D:3      | Found a transporter.
  1795 | D:3      | Noticed Flugslaktarn's ghost (amateur DDFi)
  1880 | D:3      | Found a transporter.
  1891 | D:3      | Reached skill level 4 in Unarmed Combat
  2165 | D:3      | Found a hide-covered altar of Uskayaw.
  2376 | D:4      | Found a staircase to the Ecumenical Temple.
  2386 | Temple   | Entered the Ecumenical Temple
  2682 | Temple   | Became a worshipper of Elyvilon the Healer
  2824 | D:4      | Reached XP level 5. HP: 53/53 MP: 4/4
  2858 | D:4      | Found a bloodstained altar of Trog.
  2859 | D:4      | Noticed a brown ugly thing
  2860 | D:4      | Noticed a troll
  2865 | D:4      | Found a transporter.
  2871 | D:4      | Found a transporter.
  2926 | D:4      | Noticed an ogre
  2934 | D:4      | Killed an ogre
  2934 | D:4      | Reached skill level 5 in Unarmed Combat
  2941 | D:4      | Reached XP level 6. HP: 56/62 MP: 5/5
  3167 | D:4      | Reached skill level 6 in Unarmed Combat
  3188 | D:4      | Reached * piety under Elyvilon
  3199 | D:4      | Found a shattered altar of Ashenzari.
  3362 | D:4      | Reached XP level 7. HP: 63/70 MP: 6/6
  3456 | D:5      | Entered Level 5 of the Dungeon
  3946 | D:5      | Found a snail-covered altar of Cheibriados.
  4184 | D:5      | Reached skill level 7 in Unarmed Combat
  4432 | D:6      | Reached ** piety under Elyvilon
  4570 | D:6      | Reached skill level 5 in Fighting
  4573 | D:6      | Reached XP level 8. HP: 68/80 MP: 7/7
  4575 | D:6      | Reached skill level 8 in Unarmed Combat
  5064 | D:6      | You fall into a shaft and drop 1 floor!
  5128 | D:7      | Reached skill level 9 in Unarmed Combat
  5831 | D:7      | Paralysed by an orc priest for 3 turns
  5836 | D:7      | Reached XP level 9. HP: 89/89 MP: 8/8
  5884 | D:7      | Reached skill level 10 in Unarmed Combat
  6063 | D:7      | Reached *** piety under Elyvilon
  6312 | D:7      | Noticed a deep elf mage
  6312 | D:7      | Noticed Maggie
  6446 | D:7      | Killed Maggie
  6929 | D:8      | Reached skill level 1 in Armour
  7241 | D:8      | Noticed Grum
  7314 | D:8      | Killed Grum
  7404 | D:8      | Reached XP level 10. HP: 80/102 MP: 9/9
  7488 | D:8      | Reached skill level 11 in Unarmed Combat
  7687 | D:8      | Found Aggag's Gadget Emporium.
  8362 | D:9      | Reached **** piety under Elyvilon
  8688 | D:9      | Identified the cursed +3 rapier of Deformation {flame,
                  | Int+6} (You found it on level 9 of the Dungeon)
  9219 | D:9      | Found a sparkling altar of Nemelex Xobeh.
  9225 | D:9      | Found a radiant altar of Vehumet.
  9225 | D:9      | Found a shimmering altar of Xom.
  9228 | D:9      | Found a blossoming altar of Fedhas.
  9386 | D:10     | Entered Level 10 of the Dungeon
 10287 | D:10     | Noticed Nergalle
 10311 | D:10     | Killed Nergalle
 10311 | D:10     | Reached XP level 11. HP: 40/111 MP: 10/10
 10793 | D:10     | Reached skill level 5 in Dodging
 10864 | D:11     | Found a staircase to the Lair.
 10920 | D:11     | Reached skill level 5 in Shields
 11005 | D:11     | Noticed a purple ugly thing
 11013 | D:11     | Killed a purple ugly thing
 11048 | D:11     | Found Tygir's Weapon Shop.
 11449 | D:11     | Got an ancient falchion
 11450 | D:11     | Identified the +7 falchion "Killer Bee's Bane" {vorpal,
                  | *Slow rF+ MP+9} (You found it on level 11 of the Dungeon)
 11460 | D:11     | Found a staircase to the Orcish Mines.
 11829 | D:11     | Reached skill level 12 in Unarmed Combat
 12048 | Lair:1   | Entered Level 1 of the Lair of Beasts
 12204 | Lair:1   | Reached ***** piety under Elyvilon
 12311 | Lair:1   | Noticed Gastronok
 12329 | Lair:1   | Killed Gastronok
 12329 | Lair:1   | Reached skill level 5 in Armour
 13009 | Lair:2   | Noticed a four-headed hydra
 13108 | Lair:2   | Reached XP level 12. HP: 119/122 MP: 11/11
 13794 | Lair:2   | Killed a one-headed hydra
 14418 | Lair:3   | Found a staircase to the Swamp.
 15169 | Lair:4   | Found a hole to the Spider Nest.
 15401 | Lair:4   | Reached ****** piety under Elyvilon
 15558 | Lair:5   | Found a viscous altar of Jiyva.
 15560 | Lair:5   | Found a staircase to the Slime Pits.
 15568 | Lair:5   | Fell from the grace of Elyvilon
 15568 | Lair:5   | Became a worshipper of Jiyva Jebuxypo the Shapeless
 15741 | Lair:5   | Noticed Rupert
 15907 | Orc:1    | Entered Level 1 of the Orcish Mines
 15975 | Orc:1    | Reached * piety under Jiyva
 16037 | Orc:1    | Noticed an orc warlord
 16070 | Orc:1    | Killed an orc warlord
 16260 | Orc:1    | Reached ** piety under Jiyva
 16314 | Orc:1    | Reached *** piety under Jiyva
 16324 | Orc:1    | Gained mutation: You have a pair of small horns on your
                  | head. [Jiyva's grace]
 16425 | Orc:1    | Found a roughly hewn altar of Beogh.
 16518 | Orc:2    | Entered Level 2 of the Orcish Mines
 16561 | Orc:2    | Reached skill level 13 in Unarmed Combat
 16707 | Orc:2    | Noticed a two-headed ogre
 16712 | Orc:2    | Killed a two-headed ogre
 16712 | Orc:2    | Reached XP level 13. HP: 130/132 MP: 12/12
 16818 | Orc:2    | Reached **** piety under Jiyva
 16820 | Orc:2    | Gained mutation: You are resistant to hostile enchantments.
                  | (MR+) [Jiyva's grace]
 16855 | Orc:2    | Gained mutation: You have a small jelly attached to you
                  | that senses nearby items. [Jiyva's grace]
 16861 | Orc:2    | Reached ***** piety under Jiyva
 16963 | Orc:2    | Lost mutation: You have a pair of small horns on your head.
                  | [Jiyva's grace]
 16978 | Orc:2    | Found a staircase to the Elven Halls.
 17701 | Orc:2    | Gained mutation: Your movements are slightly less
                  | encumbered by armour. (ER -2) [Jiyva's grace]
 17766 | Orc:2    | Reached ****** piety under Jiyva
 17836 | Orc:2    | Found Mof Sidu's Food Shoppe.
 17980 | Orc:2    | Found Kuzakk's Magic Scroll Emporium.
 17983 | Orc:2    | Gained mutation: You have a somewhat thin skeletal
                  | structure. (Dex +2, Stealth) [Jiyva's grace]
 17999 | Orc:2    | Gained mutation: Armour fits poorly on your strangely
                  | shaped body. [a neqoxec]
 18247 | Orc:2    | Bought a scroll of teleportation for 39 gold pieces
 18342 | Orc:2    | Gained mutation: You are frail. (-10% HP) [Jiyva's grace]
 18409 | Orc:2    | Reached skill level 10 in Fighting
 18500 | Orc:2    | Lost mutation: You have a small jelly attached to you that
                  | senses nearby items. [Jiyva's grace]
 18834 | Orc:2    | Gained mutation: You are covered in slimy tendrils that may
                  | disarm your opponents. [Jiyva's grace]
 19534 | Orc:2    | Found Juuc's Antique Weapon Shop.
 19534 | Orc:2    | Found Peisuera's Book Boutique.
 19534 | Orc:2    | Found a one-way gate leading to the halls of Pandemonium.
 19879 | D:11     | Gained mutation: You possess an exceptional clarity of
                  | mind. [Jiyva's grace]
 20004 | Slime:1  | Entered Level 1 of the Pits of Slime
 20010 | Slime:1  | Noticed an acid blob
 20023 | Slime:3  | Noticed an acid blob
 20028 | Slime:3  | Noticed a death ooze
 20035 | Slime:4  | Noticed an acid blob
 20035 | Slime:4  | Noticed an azure jelly
 20035 | Slime:4  | Noticed an acid blob
 20039 | Slime:5  | Entered Level 5 of the Pits of Slime
 20042 | Slime:5  | Noticed an azure jelly
 20044 | Slime:5  | Gained mutation: Your translucent skin slightly reduces
                  | your foes' accuracy. (Stealth) [Jiyva's grace]
 20047 | Slime:5  | Lost mutation: You possess an exceptional clarity of mind.
                  | [Jiyva's grace]
 20048 | Slime:5  | Lost mutation: You are resistant to hostile enchantments.
                  | (MR+) [Jiyva's grace]
 20051 | Slime:5  | Lost mutation: Your translucent skin slightly reduces your
                  | foes' accuracy. (Stealth) [Jiyva's grace]
 20054 | Slime:5  | Found a viscous altar of Jiyva.
 20054 | Slime:5  | Noticed an acid blob
 20055 | Slime:5  | Noticed the Royal Jelly
 20055 | Slime:5  | Noticed an azure jelly
 20055 | Slime:5  | Noticed an acid blob
 20055 | Slime:5  | Noticed an acid blob
 20056 | Slime:5  | Noticed an azure jelly
 20056 | Slime:5  | Gained mutation: You are agile. (Dex +2) [Jiyva's grace]
 20061 | Slime:5  | Got a wavering steel ring
 20064 | Slime:5  | Got a polished scimitar
 20066 | Slime:5  | Noticed an acid blob
 20071 | Slime:5  | Noticed an azure jelly
 20072 | Slime:5  | Noticed an acid blob
 20077 | Slime:5  | Got a dazzling fustibalus
 20087 | Slime:5  | Got a slimy rune of Zot
 20154 | Slime:1  | Noticed an acid blob
 20160 | Slime:1  | Noticed an azure jelly
 20164 | Lair:5   | Identified the ring "Oqiggeuj" {+Fly rElec rPois Str+3
                  | Stlth-} (You found it on level 5 of the Pits of Slime)
 20168 | Lair:5   | Identified the +4 fustibalus of Pride {venom, MR+ Dex+3}
                  | (You found it on level 5 of the Pits of Slime)
 20170 | Lair:5   | Identified the +3 scimitar of Crystal {freeze, rPois rC+
                  | Str+7} (You found it on level 5 of the Pits of Slime)
 20227 | Lair:5   | Killed Rupert
 20440 | Lair:5   | Gained mutation: You have acidic saliva. [Jiyva's grace]
 20937 | Lair:4   | Noticed an azure jelly
 20937 | Lair:4   | an eight-headed hydra changed into an azure jelly
 21158 | Lair:5   | Noticed an acid blob
 21158 | Lair:5   | an eight-headed hydra changed into an acid blob
 21335 | Lair:5   | Upgraded the game from 0.25-a0-561-g0977b4d109 to
                  | 0.25-a0-565-g8875c97ebb
 21340 | Lair:6   | Entered Level 6 of the Lair of Beasts
 21903 | Lair:6   | Gained mutation: You are very agile. (Dex +4) [Jiyva's
                  | grace]
 21910 | Lair:6   | Reached XP level 14. HP: 117/129 MP: 13/13
 22150 | Lair:6   | Lost mutation: Armour fits poorly on your strangely shaped
                  | body. [Jiyva's grace]
 22321 | Lair:6   | Noticed an azure jelly
 22321 | Lair:6   | a five-headed hydra changed into an azure jelly
 22500 | Lair:6   | Gained mutation: You evolve. [Jiyva's grace]
 22899 | Lair:6   | Got a pitted graven amulet
 22900 | Lair:6   | Identified the amulet of Otyghe Fumo {RegenMP rN+} (You
                  | found it on level 6 of the Lair of Beasts)
 23507 | D:12     | Gained mutation: Your spells are a little harder to cast,
                  | but a little more powerful. [Jiyva's grace]
 23556 | D:12     | Reached skill level 14 in Unarmed Combat
 23975 | D:13     | Found a runed translucent door.
 23976 | D:13     | Found a shimmering altar of Xom.
 23976 | D:13     | Noticed Qaeqe's ghost (journeyman TrMo)
 24051 | D:13     | Lost mutation: Your spells are a little harder to cast, but
                  | a little more powerful. [Jiyva's grace]
 24400 | D:13     | Gained mutation: You have a small jelly attached to you
                  | that may absorb incoming projectiles. [Jiyva's grace]
 24454 | D:13     | Found a gate to the Vaults.
 24803 | D:14     | Lost mutation: You are covered in slimy tendrils that may
                  | disarm your opponents. [Jiyva's grace]
 25103 | D:14     | Found a hide-covered altar of Uskayaw.
 25318 | D:15     | Entered Level 15 of the Dungeon
 25360 | D:15     | Found a staircase to the Depths.
 25538 | D:15     | Gained mutation: You expend magic power (3 MP) to
                  | strengthen your wands. [evolution]
 25593 | D:15     | Gained mutation: Your muscles are strong. (Str +2) [Jiyva's
                  | grace]
 25884 | D:14     | Lost mutation: Your muscles are strong. (Str +2) [Jiyva's
                  | grace]
 26152 | D:14     | Reached XP level 15. HP: 101/138 MP: 14/14
 26492 | D:15     | Noticed an azure jelly
 26492 | D:15     | an eight-headed hydra changed into an azure jelly
 26895 | D:15     | Gained mutation: You have a small jelly attached to you
                  | that senses nearby items. [Jiyva's grace]
 27052 | D:15     | Found a white marble altar of Elyvilon.
 27230 | D:15     | Identified the Volume of Shape Shifting and Execration
 27297 | D:15     | Found a shadowy altar of Dithmenos.
 27414 | D:15     | Gained mutation: Your rubbery body absorbs attacks. (AC +1,
                  | EV +1) [Jiyva's grace]
 27558 | Lair:4   | Found a hole to the Spider Nest.
 27730 | Spider:1 | Entered Level 1 of the Spider Nest
 27810 | Spider:1 | Found a frozen archway.
 28167 | Spider:1 | Reached skill level 10 in Shields
 28223 | Spider:1 | Gained mutation: You can translocate small distances at
                  | will. [Jiyva's grace]
 28231 | Spider:1 | Reached skill level 10 in Dodging
 28288 | Spider:1 | Lost mutation: You are frail. (-10% HP) [Jiyva's power]
 28523 | Spider:1 | Reached skill level 15 in Unarmed Combat
 28744 | Spider:2 | Reached skill level 10 in Armour
 28747 | Spider:2 | Found a runed translucent door.
 28747 | Spider:2 | Found a shimmering altar of Xom.
 28747 | Spider:2 | Noticed EnegeticOcto's ghost (journeyman DDFi)
 28957 | Spider:2 | Killed a ghost moth
 29668 | Spider:3 | Gained mutation: Your body has grown golden eyes which may
                  | confuse attackers. (Acc +3) [Jiyva's grace]
 29707 | Spider:3 | Paralysed by a hornet for 3 turns
 30007 | Spider:3 | Lost mutation: You expend magic power (3 MP) to strengthen
                  | your wands. [Jiyva's grace]
 30076 | Spider:3 | Reached XP level 16. HP: 167/167 MP: 15/15
 30208 | Spider:4 | Entered Level 4 of the Spider Nest
 30424 | Spider:4 | Found the +4 Cigotuvi's embrace {rRot *Drain rN+}
 30655 | Spider:3 | Lost mutation: You have acidic saliva. [evolution]
 30912 | Spider:4 | Reached skill level 16 in Unarmed Combat
 31297 | Spider:4 | Noticed Asterion
 31304 | Spider:4 | Slimified Asterion
 31304 | Spider:4 | Noticed Asterion
 31304 | Spider:4 | Asterion changed into Asterion the acid blob
 31334 | Spider:4 | Gained mutation: You are weak. (Str -2) [Jiyva's grace]
 31369 | Spider:4 | Killed Asterion the acid blob
 32298 | Spider:4 | Gained mutation: Your pliable body absorbs attacks. (AC +2,
                  | EV +2) [Jiyva's grace]
 32389 | Spider:4 | Paralysed by a hornet for 2 turns
 32581 | Spider:4 | Got a gossamer rune of Zot
 32685 | Lair:4   | Upgraded the game from 0.25-a0-565-g8875c97ebb to
                  | 0.25-a0-566-g062765be81
 32870 | Elf:1    | Entered Level 1 of the Elven Halls
 32956 | Elf:1    | Noticed an acid blob
 32956 | Elf:1    | a deep elf knight changed into an acid blob
 33071 | Elf:1    | Gained mutation: You are resistant to electric shocks.
                  | (rElec) [Jiyva's grace]
 33363 | Elf:1    | Noticed Azrael
 33398 | Elf:1    | Killed Azrael
 33660 | Elf:1    | Lost mutation: You are weak. (Str -2) [Jiyva's grace]
 33779 | Elf:1    | Gained mutation: You passively map a small area around you.
                  | [Jiyva's grace]
 34422 | Elf:2    | Reached skill level 17 in Unarmed Combat
 34422 | Elf:2    | Reached XP level 17. HP: 129/179 MP: 16/16
 34634 | Elf:2    | Found Zobbetz's Antique Weapon Shoppe.
 34691 | Elf:2    | Gained mutation: You are covered in thick fur. (AC +2)
                  | [Jiyva's grace]
 34833 | Elf:2    | Gained mutation: You are partially covered in large bone
                  | plates. (SH +4) [Jiyva's grace]
 34973 | Elf:2    | Identified Roxanne's Tome of Changing
 34973 | Elf:2    | Noticed Roxanne
 35043 | Elf:2    | Found a runed translucent gate.
 35045 | Elf:2    | Found a runed translucent gate.
 35046 | Elf:2    | Found a runed translucent gate.
 35325 | Elf:2    | Noticed Donald
 35339 | Elf:2    | Slimified Donald
 35339 | Elf:2    | Noticed Donald
 35339 | Elf:2    | Donald changed into Donald the azure jelly
 35341 | Elf:2    | Gained mutation: Armour fits poorly on your pseudopods.
                  | [Jiyva's grace]
 35366 | Elf:2    | Noticed a deep elf blademaster
 35376 | Elf:2    | Slimified a deep elf blademaster
 35376 | Elf:2    | Noticed an acid blob
 35376 | Elf:2    | a deep elf blademaster changed into an acid blob
 35396 | Elf:2    | Lost mutation: You evolve. [Jiyva's grace]
 35519 | Elf:2    | Noticed Saint Roka
 35524 | Elf:2    | Killed an acid blob
 35584 | Elf:2    | Gained mutation: Your system is resistant to poisons.
                  | (rPois) [Jiyva's grace]
 35638 | Elf:2    | Slimified Saint Roka
 35638 | Elf:2    | Noticed Saint Roka
 35638 | Elf:2    | Saint Roka changed into Saint Roka the azure jelly
 35649 | Elf:2    | Gained mutation: You are covered in slimy tendrils that may
                  | disarm your opponents. [Jiyva's grace]
 35781 | Elf:2    | Killed Roxanne
 35853 | Elf:2    | Killed Saint Roka the azure jelly
 35945 | Elf:2    | Gained mutation: You have large cloven feet. [Jiyva's
                  | grace]
 36382 | Swamp:1  | Entered Level 1 of the Swamp
 36403 | Swamp:1  | Found a bloodstained altar of Trog.
 36444 | Swamp:1  | Lost mutation: You can translocate small distances at will.
                  | [Jiyva's grace]
 36631 | Swamp:1  | Found a runed translucent door.
 36635 | Swamp:1  | Noticed Coluror's ghost (journeyman MiBe)
 37077 | Swamp:2  | Gained mutation: Your flesh is heat resistant. (rF+)
                  | [Jiyva's grace]
 37747 | Swamp:3  | Gained mutation: You heal very quickly. [Jiyva's grace]
 37905 | Swamp:3  | Lost mutation: You are very agile. (Dex +4) [Jiyva's grace]
 38081 | Swamp:3  | Reached skill level 18 in Unarmed Combat
 38411 | Swamp:4  | Entered Level 4 of the Swamp
 38448 | Swamp:4  | Gained mutation: You evolve. [Jiyva's grace]
 38524 | Swamp:4  | Noticed Kirke
 38554 | Swamp:4  | Killed Kirke
 38632 | Swamp:4  | Gained mutation: You have a pair of small horns on your
                  | head. [Jiyva's grace]
 38789 | Swamp:4  | Noticed the 27-headed Lernaean hydra
 38797 | Swamp:4  | Noticed an acid blob
 38797 | Swamp:4  | an eight-headed hydra changed into an acid blob
 38860 | Swamp:4  | Killed an acid blob
 39159 | Swamp:4  | Noticed an acid blob
 39159 | Swamp:4  | an eight-headed hydra changed into an acid blob
 39189 | Swamp:4  | Noticed an acid blob
 39189 | Swamp:4  | a five-headed hydra changed into an acid blob
 39189 | Swamp:4  | Lost mutation: You are agile. (Dex +2) [Jiyva's grace]
 39596 | Vaults:1 | Entered Level 1 of the Vaults
 39816 | Vaults:1 | Lost mutation: You evolve. [Jiyva's grace]
 39888 | Vaults:1 | Noticed an acid blob
 39888 | Vaults:1 | a vault warden changed into an acid blob
 39893 | Vaults:1 | Lost mutation: You have a somewhat thin skeletal structure.
                  | (Dex +2, Stealth) [Jiyva's grace]
 39897 | Vaults:1 | Reached skill level 15 in Fighting
 40249 | Vaults:1 | Reached XP level 18. HP: 183/193 MP: 17/17
 40264 | Vaults:1 | Lost mutation: Your pliable body absorbs attacks. (AC +2,
                  | EV +2) [Jiyva's grace]
 40465 | Vaults:1 | Lost mutation: Your rubbery body absorbs attacks. (AC +1,
                  | EV +1) [Jiyva's grace]
 40548 | Vaults:1 | Lost mutation: You have large cloven feet. [Jiyva's grace]
 41071 | Vaults:2 | Lost mutation: You are covered in thick fur. (AC +2)
                  | [Jiyva's grace]
 41165 | Vaults:2 | Lost mutation: You have a pair of small horns on your head.
                  | [Jiyva's grace]
 41241 | Vaults:2 | Lost mutation: Your system is resistant to poisons. (rPois)
                  | [Jiyva's grace]
 41633 | Vaults:2 | Lost mutation: Your movements are slightly less encumbered
                  | by armour. (ER -2) [Jiyva's grace]
 41705 | Vaults:2 | Gained mutation: You are surrounded by a mild repulsion
                  | field. (EV +2) [Jiyva's grace]
 41782 | Vaults:2 | Gained mutation: You have sharp toenails. [Jiyva's grace]
 41793 | Vaults:2 | Lost mutation: Your body has grown golden eyes which may
                  | confuse attackers. (Acc +3) [Jiyva's grace]
 41803 | Vaults:2 | Lost mutation: You have a small jelly attached to you that
                  | senses nearby items. [Jiyva's grace]
 41845 | Vaults:2 | Gained mutation: You have acidic saliva. [Jiyva's grace]
 42165 | Vaults:2 | Lost mutation: You are partially covered in large bone
                  | plates. (SH +4) [Jiyva's grace]
 42641 | Vaults:3 | Lost mutation: Your flesh is heat resistant. (rF+) [Jiyva's
                  | grace]
 43036 | Vaults:3 | Lost mutation: You are resistant to electric shocks.
                  | (rElec) [Jiyva's grace]
 43064 | Vaults:3 | Found a staircase to the Crypt.
 43391 | Vaults:3 | Lost mutation: You have acidic saliva. [Jiyva's grace]
 43406 | Vaults:3 | Lost mutation: Armour fits poorly on your pseudopods.
                  | [Jiyva's grace]
 43643 | Vaults:2 | Reached skill level 19 in Unarmed Combat
 43734 | Vaults:3 | Gained mutation: You are agile. (Dex +2) [Jiyva's grace]
 43747 | Vaults:3 | Found a runed translucent door.
 43747 | Vaults:3 | Noticed Onaigh's ghost (adept NaAE)
 44636 | Vaults:4 | Gained mutation: You are robust. (+10% HP) [Jiyva's grace]
 44776 | Vaults:4 | Lost mutation: You are agile. (Dex +2) [Jiyva's grace]
 44891 | Vaults:4 | Lost mutation: You heal very quickly. [Jiyva's grace]
 45090 | Vaults:4 | Lost mutation: You have sharp toenails. [Jiyva's grace]
 45102 | Vaults:4 | Reached XP level 19. HP: 132/224 MP: 18/18
 45118 | Vaults:4 | Killed from afar by a crystal guardian

Levels and vault maps discovered:
D:1:      nzn_arrival_depleted_hourglass, layout_basic
D:2:      layout_basic, first_ration
D:3:      layout_basic, lemuel_crystal_altar, chequers_ecumenical_altar_simple,
          gammafunk_ghost_arena
D:4:      layout_loops_ring, gammafunk_temple_overflow_arena,
          minmay_temple_entry_stoned_glass, ashenzari_altar_1
D:5:      layout_basic, cheibriados_altar_1
D:6:      layout_basic, grunt_decor_resistance, minmay_pentangle
D:7:      layout_rooms, grunt_ogre_cave, guppyfry_early_elven_hall, uniq_maggie
D:8:      layout_gridville, serial_shops, kennysheep_mini_moat,
          serial_bayou_lake_a, uniq_grum
D:9:      kennysheep_kobold_camp, layout_basic, grunt_temple_overflow_open
D:10:     layout_cave_pools, serial_gnoll_camp, gnoll_camp_mini_doghouse,
          gnoll_camp_mini_hut, gnoll_camp_mini_sergeant,
          gnoll_camp_mini_doghouse, gnoll_camp_mini_house, gnoll_camp_mini_hut,
          uniq_nergalle
D:11:     layout_roguey, minmay_lair_entry_grove, orc_0_dummy, serial_shops,
          shop, dk_noncrumbling_3
D:12:     layout_roguey
D:13:     layout_basic, david_vaults_5, ebering_ghost_xom,
          minmay_tree_intersection
D:14:     layout_rooms, basic_altar
D:15:     gammafunk_depths_entry_grave, layout_rooms,
          nicolae_dithmenos_through_a_glass_darkly,
          minmay_the_grid_square_5x5_3x3_mashed
          [minmay_the_grid_square_5x5_percent,
          minmay_the_grid_square_5x5_inner_i,
          minmay_the_grid_square_5x5_trominoes,
          minmay_the_grid_square_5x5_shrine1,
          minmay_the_grid_square_5x5_megaprize_diamond,
          minmay_the_grid_square_5x5_beaten_path,
          minmay_the_grid_square_5x5_dogpile, minmay_the_grid_square_5x5_empty,
          minmay_the_grid_square_5x5_hourglass]
Temple:   minmay_temple_bridge_d
Lair:1:   layout_misc_corridors, infiniplex_staircase_pool_2,
          grunt_megastairs_5, uniq_gastronok
Lair:2:   layout_chaotic_city, serial_bayou_pond_d, serial_bayou_shore_a
Lair:3:   layout_regular_city, swamp_mist, roderic_carrion_pond
Lair:4:   layout_misc_corridors, spider_nest_entry_rubble, serial_bayou_pond_d
Lair:5:   layout_loops_ring, slime_altar_1, serial_bayou_shore_b,
          infiniplex_staircase_pool, uniq_rupert
Lair:6:   minmay_lair_end_frog_pond, layout_cave_pods, lemuel_fruit_fields
Swamp:1:  layout_basic_swamp, ebering_ghost_reflecting_pool, basic_altar
Swamp:2:  layout_falls_marsh, hangedman_swamp_pad, swamp_pool4
Swamp:3:  layout_basic_swamp, evilmike_swamp_ruin_house_5
Swamp:4:  swamp_old_school, layout_basic_swamp, kb_tengu_band, uniq_kirke
Spider:1: layout_spider_delve, portal_ice_cave_entry_pillars_four
Spider:2: layout_spider_delve, ebering_ghost_xom, nicolae_spider_cling_halls
Spider:3: layout_spider_delve
Spider:4: spider_rune_water, uniq_asterion
Slime:1:  layout_caves
Slime:2:  layout_caves
Slime:3:  layout_caves
Slime:4:  layout_caves
Slime:5
Orc:1:    layout_diamond_mine, special_room [special_room_bee],
          david_defended_altar_orc
Orc:2:    pf_orc_diabolical, layout_diamond_mine
Elf:1:    layout_loops_corners, hangedman_elf_represent,
          mumra_transporter_accident, nicolae_elf_glass_and_crystal_pillar_1,
          uniq_azrael
Elf:2:    layout_geoelf_grid, serial_shops, shop_statue, minivault_5,
          uniq_roxanne, uniq_donald, uniq_saint_roka
Vaults:1: vaults_room_fours, vaults_room_hangedman_quadrants,
          vaults_room_ringed_pool, nicolae_vaults_big_angled_halls, v_misc_16,
          serial_ice_b, ontoclasm_vaults_gateway,
          nicolae_vaults_little_squares_5, v_misc_26, ontoclasm_vaults_chip,
          nicolae_vaults_twisting_passages, v_misc_2, vaults_room_octagon,
          layout_vaults_omnibox, mu_enter_wizlab_1
Vaults:2: vaults_room_large_hall, v_misc_30, nicolae_vaults_what_the_h,
          hangedman_vaults_restitches, hangedman_vaults_restitches,
          hangedman_vaults_restitches, vaults_room_grid, v_misc_15, v_pattern_3,
          st_diamondy, vaults_room_pools, vaults_room_pool,
          layout_vaults_omnicross
Vaults:3: ebering_vaults_ghost_inner_flame, minmay_crypt_entry_simple_plaza,
          vaults_standard_mumra_x, grunt_vaults_twisty, hangedman_vaults_slice,
          v_misc_10, nicolae_vaults_three_branches, ontoclasm_vaults_twist,
          vaults_room_corners, layout_vaults_chaotic_city, uniq_margery
Vaults:4: nicolae_vaults_display_case, v_misc_33, hangedman_vaults_stagger,
          grunt_vaults_funnel, vaults_room_door_ring, dpeg_vaults_monster_row,
          nicolae_vaults_diagonal_hallway_7, hangedman_vaults_snaps,
          grunt_vaults_hallway_long, nicolae_vaults_yaktaur_gun_rack,
          nicolae_vaults_diagonal_hallway_8, layout_vaults_ring

Skill      XL: |  1  2  3  4  5  6  7  8  9 10 11 12 13 14 15 16 17 18 |
---------------+-------------------------------------------------------+-----
Unarmed Combat | 3 4 5 6 7 9 10 11 12 13 14 15 17 18 19 | 19.3
Fighting       | 3 4 5 6 7 8 9 10 11 12 13 15 | 15.9
Armour         | 2 4 5 6 8 9 10 11 | 11.0
Dodging        | 3 4 6 7 8 9 10 11 | 11.0
Shields        | 3 4 6 7 8 9 10 11 | 11.0

Action                   |  1- 3 |  4- 6 |  7- 9 | 10-12 | 13-15 | 16-18 | 19-21 || total
-------------------------+-------+-------+-------+-------+-------+-------+-------++-------
Melee: Unarmed           |   125 |   145 |   187 |   700 |  1304 |  1899 |     8 ||  4368
       Headbutt          |       |       |       |     4 |     4 |    73 |       ||    81
       War axe           |       |       |       |     4 |     5 |     2 |       ||    11
       Hunting sling     |       |       |       |     2 |       |       |       ||     2
       Bite              |       |       |       |       |   207 |    44 |       ||   251
       Fustibalus        |       |       |       |       |     4 |       |       ||     4
       Kick              |       |       |       |       |       |   389 |       ||   389
       Pseudopods        |       |       |       |       |       |   317 |       ||   317
 Fire: Hunting sling     |       |    13 |   118 |   203 |    62 |       |       ||   396
       Fustibalus        |       |       |       |       |   278 |    83 |       ||   361
Throw: Stone             |       |     2 |       |       |       |       |       ||     2
Invok: Request Jelly     |       |       |       |     1 |       |       |       ||     1
       Slimify           |       |       |       |       |     8 |    29 |     2 ||    39
       Cure Bad Mutation |       |       |       |       |     2 |       |       ||     2
Evoke: Wand              |       |       |       |     6 |     6 |     6 |       ||    18
  Use: Scroll            |       |     2 |    11 |    21 |     8 |     6 |       ||    48
       Potion            |       |       |     2 |     1 |     3 |       |       ||     6
 Stab: Sleeping          |       |     1 |       |     1 |     1 |       |       ||     3
       Paralysed         |       |       |       |     6 |       |       |       ||     6
       Distracted        |       |       |       |       |     1 |     2 |       ||     3
       Confused          |       |       |       |       |     7 |    20 |       ||    27
  Eat: Chunk             |    18 |    17 |    32 |    90 |    64 |    54 |       ||   275
Armor: Robe              |    49 |    34 |    28 |       |     9 |       |       ||   120
       Acid dragon scale |       |       |    25 |   188 |   267 |   318 |     1 ||   799
Dodge: Dodged            |    34 |    30 |    61 |   199 |   552 |   688 |     5 ||  1569
Block: Kite shield       |    49 |    41 |    84 |   203 |       |       |       ||   377
       Tower shield      |       |       |       |   162 |  1179 |  1336 |     6 ||  2683

Table legend:
 A = Non-vault XP
 B = Vault XP
 C = Vault XP percentage of total XP
 D = Non-vault monster count
 E = Vault monster count
 F = Vault count percentage of total count
                 A         B        C        D         E       F
            +---------+---------+-------+---------+---------+-------
      Total |  217895 |  159023 |  42.2 |     820 |     420 |  33.9
            +---------+---------+-------+---------+---------+-------
        D:1 |      39 |       0 |   0.0 |      18 |       0 |   0.0
        D:2 |      62 |       0 |   0.0 |      25 |       0 |   0.0
        D:3 |      69 |       0 |   0.0 |      28 |       0 |   0.0
        D:4 |     575 |       0 |   0.0 |      21 |       0 |   0.0
        D:5 |     297 |       0 |   0.0 |       6 |       0 |   0.0
        D:6 |     812 |     300 |  27.0 |      22 |       6 |  21.4
        D:7 |    1381 |     613 |  30.7 |      22 |       3 |  12.0
        D:8 |    1479 |     317 |  17.7 |      34 |       2 |   5.6
        D:9 |    1820 |     121 |   6.2 |      25 |      21 |  45.7
       D:10 |    2703 |    1490 |  35.5 |      25 |      26 |  51.0
       D:11 |    3283 |    1753 |  34.8 |      22 |      13 |  37.1
       D:12 |    2612 |       0 |   0.0 |      14 |       0 |   0.0
       D:13 |    4809 |    3503 |  42.1 |      14 |       8 |  36.4
       D:14 |    9545 |    3682 |  27.8 |      37 |       8 |  17.8
       D:15 |    6128 |   11661 |  65.6 |      22 |      18 |  45.0
     Lair:1 |     784 |    2439 |  75.7 |       4 |       2 |  33.3
     Lair:2 |    6216 |       0 |   0.0 |      23 |       0 |   0.0
     Lair:3 |    2783 |     608 |  17.9 |      15 |       5 |  25.0
     Lair:4 |     788 |     225 |  22.2 |       3 |       1 |  25.0
     Lair:5 |    4287 |    3962 |  48.0 |      17 |       6 |  26.1
     Lair:6 |    2345 |    8781 |  78.9 |       9 |      36 |  80.0
    Swamp:1 |    6458 |       0 |   0.0 |      18 |       0 |   0.0
    Swamp:2 |    5661 |       0 |   0.0 |      19 |       0 |   0.0
    Swamp:3 |   10353 |     192 |   1.8 |      25 |       1 |   3.8
    Swamp:4 |    4168 |    3845 |  48.0 |      14 |       5 |  26.3
   Spider:1 |   17405 |       0 |   0.0 |      52 |       0 |   0.0
   Spider:2 |   11028 |       0 |   0.0 |      34 |       0 |   0.0
   Spider:3 |   10589 |       0 |   0.0 |      22 |       0 |   0.0
   Spider:4 |   16371 |   20112 |  55.1 |      43 |      39 |  47.6
      Orc:1 |    4379 |    1981 |  31.1 |      26 |      29 |  52.7
      Orc:2 |    4921 |   13810 |  73.7 |      28 |      49 |  63.6
      Elf:1 |   13967 |    7558 |  35.1 |      20 |      15 |  42.9
      Elf:2 |   10734 |   15821 |  59.6 |      21 |      24 |  53.3
   Vaults:1 |   11402 |   15803 |  58.1 |      17 |      26 |  60.5
   Vaults:2 |   11270 |   21754 |  65.9 |      29 |      43 |  59.7
   Vaults:3 |   12226 |   11854 |  49.2 |      18 |      23 |  56.1
   Vaults:4 |   14146 |    6838 |  32.6 |      28 |      11 |  28.2
            +---------+---------+-------+---------+---------+-------
